 Dungeon Crawl Stone Soup version 0.29.1-15-g9cfb28693d (webtiles) character file.

Game seed: 12953142709010985852

49 nightchill the Trooper (level 3, -3/34 HPs)
             Began as a Minotaur Fighter on Mar 6, 2023.
             Was a Follower of Wu Jian.
             Slain by a gnoll
             ... wielding a +0 flail
              (7 damage)
             ... on level 2 of the Dungeon.
             The game lasted 00:01:16 (953 turns).

nightchill the Trooper (Minotaur Fighter)            Turns: 953, Time: 00:01:17

Health: -3/34      AC:  6    Str: 28    XL:     3   Next: 51%
Magic:  2/2        EV:  9    Int:  5    God:    Wu Jian [*.....]
Gold:   76         SH:  4    Dex:  9    Spells: 2/2 levels left

rFire   . . .      SeeInvis .   a - +0 war axe
rCold   . . .      Faith    .   c - +0 buckler
rNeg    . . .      Spirit   .   b - +0 scale mail
rPois   .          Reflect  .   (helmet restricted)
rElec   .          Harm     .   (no cloak)
rCorr   .          Rampage  .   (no gloves)
Will    .....                   (no boots)
Stlth   ..........              (no amulet)
HPRegen 0.11/turn               i - +6 ring of strength
MPRegen 0.08/turn               (no ring)

@: no status effects
A: horns 2, retaliatory headbutt
a: Renounce Religion


You were on level 2 of the Dungeon.
You worshipped Wu Jian.
Wu Jian was aware of your devotion.
You visited 1 branch of the dungeon, and saw 2 of its levels.

You collected 76 gold pieces.

Inventory:

Hand Weapons
 a - a +0 war axe (weapon)
Armour
 b - a +0 scale mail (worn)
 c - a +0 buckler (worn)
Jewellery
 i - a +6 ring of strength (left hand)
Wands
 m - a wand of charming (6)
Scrolls
 g - 2 scrolls of teleportation {unknown}
 h - 3 scrolls of identify {unknown}
 j - a scroll of silence {unknown}
 l - a scroll of blinking {unknown}
Potions
 d - a potion of might
 e - a potion of berserk rage {unknown}
 f - 3 potions of lignification {unknown}
 k - a potion of haste {unknown}


   Skills:
 + Level 4.3 Fighting
 * Level 4.2 Axes
 - Level 3.6 Armour
 - Level 3.6 Shields


You had 2 spell levels left.
You didn't know any spells.
Your spell library contained the following spells:

 Spells                   Type           Power      Damage    Failure   Level
 Magic Dart               Conj           0%         1d3       83%         1
 Searing Ray              Conj           0%         2d4       92%         2
 Static Discharge         Conj/Air       0%         3-3/arc   92%         2
 Fulminant Prism          Conj/Hex       0%         3d6       100%        4
 Lightning Bolt           Conj/Air       0%         1d11      100%        5
 Maxwell's Capacitive Co  Air            0%         ∞         100%        8


Dungeon Overview and Level Annotations

Branches:
Dungeon (2/15)

Altars:
Wu Jian


Innate Abilities, Weirdness & Mutations

You have a pair of horns on your head.
You reflexively headbutt those who attack you in melee.


Message History

You block the giant cockroach's attack.
You slash the giant cockroach!
You kill the giant cockroach!
The Council accepts your kill.
No target in view!
No target in view!
m - a wand of charming (6)
A dart slug comes into view.
A dart slug is nearby!
The dart slug launches a dart at you.
The slug dart hits you but does no damage.
You block the dart slug's attack.
You slash the dart slug!
You kill the dart slug!
The Council accepts your kill.
No target in view!
You see here a dart slug corpse.
A gnoll comes into view. It is wielding a +0 flail.
The gnoll shouts!
You hear a shout!
A dart slug comes into view.
You hear a shout!
There are monsters nearby!
There are monsters nearby!
You closely miss the gnoll. The gnoll hits you with a +0 flail!
A gnoll comes into view. It is wielding a +0 flail.
The gnoll hits you with a +0 flail!
* * * LOW HITPOINT WARNING * * *
You barely miss the gnoll. The gnoll closely misses you.
You hit the gnoll. You headbutt the gnoll.
The gnoll is almost dead.
The gnoll hits you with a +0 flail.
* * * LOW HITPOINT WARNING * * *
You closely miss the gnoll.
The gnoll is almost dead.
The gnoll hits you with a +0 flail!
* * * LOW HITPOINT WARNING * * *
You closely miss the gnoll.
The gnoll is almost dead.
The gnoll hits you with a +0 flail!
You die...

### #.############## .
#... ..........
....#####.# ####........
....gwg@..###...........
....#####.#.###.........
. #...............
#.#.###.........
#####...†.......
#...........
#...........
#....#+##### #....#
#....


You could see 2 gnolls and a dart slug.

Vanquished Creatures
  An adder (D:2)
  A dart slug (D:2)
  3 endoplasms
  6 giant cockroaches
  3 hobgoblins (D:1)
  2 quokkas
  6 ball pythons
  2 bats
  2 frilled lizards
  4 goblins (D:1)
  3 kobolds (D:1)
  3 rats
36 creatures vanquished.

Notes
Turn   | Place    | Note
-------+----------+-------------------------------------------
     0 | D:1      | nightchill the Minotaur Fighter began the quest for the
                  | Orb.
     0 | D:1      | Reached XP level 1. HP: 19/19 MP: 0/0
   166 | D:1      | Reached XP level 2. HP: 27/27 MP: 1/1
   779 | D:2      | Reached XP level 3. HP: 33/33 MP: 2/2
   813 | D:2      | Found a faded altar of an unknown god.
   870 | D:2      | Prayed at the altar of an unknown god.
   870 | D:2      | Became a worshipper of the Wu Jian Council
   870 | D:2      | Reached * piety under Wu Jian
   953 | D:2      | Slain by a gnoll

Illustrated notes

Levels and vault maps discovered:
D:1:      saegor_arrival_simple_e, layout_rooms, minivault_27
D:2:      layout_basic, dreamdust_ecumenical_altar_angels_and_demons,
          minmay_misc_feat_five, hex_large, grunt_decor_fettered

Skill      XL: |  1  2  3 |
---------------+----------+-----
Axes           | 3 4 |  4.2
Fighting       | 4 |  4.3
Armour         | |  3.6
Shields        | |  3.6

Action                   || total
-------------------------++-------
Melee: War axe           ||    68
       Headbutt          ||     7
Armor: Scale mail        ||    38
Dodge: Dodged            ||    34
Block: Buckler           ||    11
